 Dungeon Crawl Stone Soup version 0.18.0-1-g0107ab7 (webtiles) character file.

196 Hsing the Sneak (level 5, -4/35 HPs)
             Began as an Octopode Assassin on May 5, 2016.
             Slain by Purgy (8 damage)
             ... on level 3 of the Dungeon.
             The game lasted 00:07:54 (2117 turns).

Hsing the Sneak (Octopode Assassin)                 Turns: 2117, Time: 00:07:55

Health: -4/35      AC:  3    Str: 15    XL:     5   Next: 74%
Magic:  14/14      EV:  9    Int: 14    God:
Gold:   149        SH:  8    Dex: 14    Spells: 0 memorised, 4 levels left

rFire  . . .     SeeInvis .     l - +2 mace (crush)
rCold  . . .     Gourm    .     g - +0 shield
rNeg   . . .     Faith    .     (helmet restricted)
rPois  .         Spirit   .     (no amulet)
rElec  .         Dismiss  .     i - +2 ring of protection
rCorr  .         Reflect  .     n - ring of magical power
SustAt .         Harm     .     m - ring of protection from magic
MR     +....                    (no ring)
Stlth  +++++.....               (no ring)
                                (no ring)
                                (no ring)
                                (no ring)

@: mighty, somewhat resistant to hostile enchantments, quite stealthy
A: almost no armour, amphibious, 8 rings, constrict 8, camouflage 1, gelatinous
body 1
a: no special abilities


You were on level 3 of the Dungeon.
You were not hungry.

You visited 1 branch of the dungeon, and saw 3 of its levels.

You collected 149 gold pieces.

Inventory:

Hand Weapons
 a - a +2 antimagic dagger
 b - a +0 blowgun
 h - a +0 short sword of draining
 l - a +2 mace of crushing (weapon)
Missiles
 c - 6 poisoned needles
 d - 2 curare-tipped needles
Armour
 g - a +0 shield (worn)
Jewellery
 i - a +2 ring of protection (left tentacle)
 m - a ring of protection from magic (on tentacle)
 n - a ring of magical power (right tentacle)
Wands
 p - a wand of flame (23/48)
Potions
 j - a potion of might
 k - 2 potions of resistance {unknown}
 o - a potion of lignification {unknown}
 q - a potion of heal wounds {unknown}
Comestibles
 f - 2 bread rations


   Skills:
 + Level 2.4 Fighting
 - Level 2.3 Short Blades
 * Level 1.6 Maces & Flails
 + Level 2.2 Throwing
 + Level 1.7 Dodging
 + Level 7.4 Stealth
 * Level 1.9 Shields


You had 4 spell levels left.
You didn't know any spells.

Dungeon Overview and Level Annotations

Branches:
Dungeon (3/15)

Altars:
Ashenzari
Fedhas

Annotations:
D:3 Purgy


Innate Abilities, Weirdness & Mutations

You cannot wear most types of armour.
You are amphibious.
You can wear up to eight rings at the same time.
You can use your tentacles to constrict eight enemies at once.
Your skin changes colour to match your surroundings (Stealth).
Your rubbery body absorbs attacks (AC +1).


Message History

You block Purgy's attack. x2; Purgy bites you.
* * * LOW HITPOINT WARNING * * *
Purgy claws you.
* * * LOW HITPOINT WARNING * * *
You block Purgy's attack.
Drink which item? (? for menu, Esc to quit)
You feel better. Purgy closely misses you. You block Purgy's attack.
Purgy claws you.
Drink which item? (? for menu, Esc to quit)
You feel very mighty all of a sudden. Purgy bites you.
Purgy claws you but does no damage. Purgy barely misses you.
You thump Purgy!
Purgy is severely wounded.
Purgy bites you!
* * * LOW HITPOINT WARNING * * *
Purgy misses you. Purgy barely misses you.
You barely miss Purgy.
Purgy is severely wounded.
Purgy bites you!
You die...

##+##
##...##
##..T..##
#..@....#
#........S#
+.........+
#.........#
##...?...##
##....S##
##...##
##+##


You could see Purgy, an adder (sleeping) and a ball python (sleeping).

Vanquished Creatures
  Jessica (D:2)
  Ijyb (D:2)
  Terence (D:2)
  5 adders (D:2)
  2 oozes
  2 worms (D:2)
  A dart slug (D:1)
  2 giant geckos
  6 bats
  4 giant cockroaches (D:2)
  7 hobgoblins
  A jackal (D:1)
  3 quokkas (D:2)
  A giant newt (D:1)
  8 goblins
  7 kobolds
  7 rats
59 creatures vanquished.

Notes
Turn   | Place    | Note
--------------------------------------------------------------
     0 | D:1      | Hsing the Octopode Assassin began the quest for the Orb.
     0 | D:1      | Reached XP level 1. HP: 14/14 MP: 1/1
    98 | D:1      | Reached XP level 2. HP: 3/19 MP: 0/2
   449 | D:1      | Reached skill level 1 in Shields
   452 | D:1      | Reached XP level 3. HP: 7/24 MP: 3/3
   569 | D:1      | Reached skill level 6 in Stealth
   776 | D:2      | Noticed Jessica
   789 | D:2      | Killed Jessica
   789 | D:2      | Reached XP level 4. HP: 19/29 MP: 4/4
   813 | D:2      | Found a shattered altar of Ashenzari.
  1064 | D:2      | Found a blossoming altar of Fedhas.
  1100 | D:2      | Noticed Terence
  1108 | D:2      | Killed Terence
  1108 | D:2      | Reached skill level 7 in Stealth
  1131 | D:2      | Reached skill level 1 in Maces & Flails
  1131 | D:2      | Reached XP level 5. HP: 19/34 MP: 5/5
  1657 | D:2      | Noticed Ijyb
  1668 | D:2      | Killed Ijyb
  2102 | D:3      | Noticed Purgy
  2117 | D:3      | Slain by Purgy

Skill      XL: |  1  2  3  4 |
---------------+-------------+-----
Shields        | 1 |  1.9
Stealth        | 6 7 |  7.4
Maces & Flails | 1 |  1.6
Fighting       | |  2.4
Short Blades   | |  2.3
Throwing       | |  2.2
Dodging        | |  1.7

Action                   |  1- 3 |  4- 6 || total
-------------------------+-------+-------++-------
Melee: Dagger            |    10 |       ||    10
       Constrict         |     9 |    12 ||    21
       Tentacles         |     8 |     6 ||    14
       Short sword       |    25 |       ||    25
       Mace              |    14 |    64 ||    78
 Fire: Blowgun           |     4 |       ||     4
  Use: Potion            |     3 |     2 ||     5
       Scroll            |     1 |     1 ||     2
 Stab: Sleeping          |    10 |    13 ||    23
  Eat: Bread ration      |       |     1 ||     1
Armor: Skin              |     5 |    18 ||    23
Dodge: Dodged            |    18 |    34 ||    52
Block: Shield            |    10 |    30 ||    40
